 Dungeon Crawl Stone Soup version 0.27-a0-1200-g94dc6ad4cf (webtiles) character file.

Game seed: 13803971297591802091

14 Lanoc the Insei (level 2, -2/14 HPs)
             Began as a Vine Stalker Transmuter on June 1, 2021.
             Succumbed to a kobold's poison
             ... on level 1 of the Dungeon.
             The game lasted 00:00:43 (477 turns).

Lanoc the Insei (Vine Stalker Transmuter)            Turns: 477, Time: 00:00:43

Health: -2/14      AC:  2    Str: 11 (12) XL:     2   Next: 45%
Magic:  1/6        EV: 12    Int: 11 (13) God:
Gold:   20         SH:  0    Dex: 13 (14) Spells: 2/5 levels left

rFire    . . .     SeeInvis .     - Unarmed
rCold    . . .     Faith    .   (no shield)
rNeg     . . .     Spirit   +   a - +0 robe
rPois    .         Reflect  .   (helmet currently unavailable)
rElec    .         Harm     .   (no cloak)
rCorr    .         Rampage  .   (no gloves)
Will     .....                  (boots currently unavailable)
Stlth    +.........             (no amulet)
HPRegen  0.04/turn              (no ring)
MPRegen  0.10/turn              (no ring)

@: lethally poisoned (-2 -> -15), appendages, wereblooded
A: horns 2, talons 2, fangs 2, magic shield, antimagic bite, no potion heal 2
a: End Transformation


You were on level 1 of the Dungeon.
You had temporarily grown beastly horns and talons.
You visited 1 branch of the dungeon, and saw 1 of its levels.

You collected 20 gold pieces.

Inventory:

Armour
 a - a +0 robe (worn)


   Skills:
 + Level 1.2 Fighting
 + Level 1.8 Dodging
 * Level 3.3 Unarmed Combat
 - Level 2.1 Spellcasting
 + Level 2.2 Transmutations


You had 2 spell levels left.
You knew the following spells:

 Your Spells              Type           Power      Damage    Failure   Level
g - Wereblood             Tmut           6%         N/A       17%         2
h - Beastly Appendage     Tmut           12%        N/A       12%         1

Your spell library contained the following spells:

 Spells                   Type           Power      Damage    Failure   Level
 Spider Form              Tmut/Pois      1%         N/A       50%         3
 Ice Form                 Ice/Tmut       3%         N/A       88%         4
 Hydra Form               Tmut           3%         N/A       97%         5


Dungeon Overview and Level Annotations

Branches:
Dungeon (1/15)

Altars:


Innate Abilities, Weirdness & Mutations

You have temporarily grown beastly horns and talons.
You have extremely sharp teeth.
When hurt, damage is shared between your health and your magic reserves.
Your bite disrupts and absorbs the magic of your enemies.
Potions cannot restore your health.


Message History

Your horns disappear.
Your talons disappear.
A goblin comes into view. It is wielding a +0 club.
Your primal bloodlust is almost over.
The goblin barely misses you.
You hit the goblin. You bite the goblin.
You kill the goblin!
No target in view!
No target in view!
You howl as the wereblood boils in your veins!
Your primal bloodlust has ended.
Things that are here:
a +0 club; a goblin corpse You now have 9 gold pieces.
You now have 20 gold pieces (gained 11).
You see here a jackal corpse.
A kobold comes into view. It is wielding a +1 dagger of venom.
The kobold shouts!
Casting: Wereblood (safe; 16% risk of failure)
Confirm with . or Enter, or press ? or * to list all spells.
You grow a pair of large bovine horns.
Your feet morph into talons.
Casting: Beastly Appendage (safe; 10% risk of failure)
Confirm with . or Enter, or press ? or * to list all spells.
Your blood is infused with primal strength.
The kobold hits you with a +1 dagger of venom.
You are lethally poisoned!
You hit the kobold. You bite the kobold, but do no damage.
The kobold is moderately wounded.
You feel very sick.
The kobold hits you with a +1 dagger of venom.
You are more poisoned.
You miss the kobold. You claw the kobold.
You kill the kobold!
You feel very sick.
You are too injured to fight recklessly!
It was a potion of degeneration.
There was something very wrong with that liquid.
You feel weakened.
You feel dopey.
You feel clumsy.
* * * LOW HITPOINT WARNING * * *
You feel very sick.
You die...

######### .....†..#
#.)####.##### #..#
#......#
.....#..###.######
#..#.#..#........###
...#......#.####@..#
##......###.#
#.....# #####.####.#
#.....# #......#
#.....# ########
##...## #.... #..###
#...


There were no monsters in sight!

Vanquished Creatures
  A ball python (D:1)
  An endoplasm (D:1)
  2 jackals (D:1)
  3 kobolds (D:1)
  4 goblins (D:1)
  2 rats (D:1)
13 creatures vanquished.

Notes
Turn   | Place    | Note
-------+----------+-------------------------------------------
     0 | D:1      | Lanoc the Vine Stalker Transmuter began the quest for the
                  | Orb.
     0 | D:1      | Reached XP level 1. HP: 9/9 MP: 4/4
    95 | D:1      | Reached skill level 1 in Fighting
   246 | D:1      | Reached XP level 2. HP: 14/14 MP: 4/6
   375 | D:1      | Learned a level 2 spell: Wereblood
   477 | D:1      | Succumbed to a kobold's poison

Illustrated notes

Levels and vault maps discovered:
D:1:      lightli_arrival_boilingwater, layout_loops_cross,
          shapermc_ecumenical_altar_notcrosses

Skill      XL: |  1 |
---------------+----+-----
Fighting       | 1 |  1.2
Dodging        | |  1.8
Unarmed Combat | |  3.3
Spellcasting   | |  2.1
Transmutations | |  2.2

Action                   || total
-------------------------++-------
Melee: Unarmed           ||    26
       Bite              ||     6
       Kick              ||     6
       Headbutt          ||     1
 Cast: Beastly Appendage ||     7
       Wereblood         ||     2
  Use: Potion            ||     1
Armor: Robe              ||     2
Dodge: Dodged            ||     9

Table legend: (Time is in decaauts)
 A = Elapsed time spent in this place.
 B = Non-inter-level travel time spent in this place.
 C = Inter-level travel time spent in this place.
 D = Time resting spent in this place.
 E = Time spent auto-exploring this place.
 F = Levels seen in this place.
 G = Mean time per level.
                   A        B        C        D        E       F      G
               +--------+--------+--------+--------+--------+-----+--------+
         Total |    477 |    477 |      0 |      0 |    404 |   1 |  477.0 |
       Dungeon |    477 |    477 |      0 |      0 |    404 |   1 |  477.0 |
               +--------+--------+--------+--------+--------+-----+--------+

Top non-repeatable levels by time:
     D:1: 477 daAuts
